 Dungeon Crawl Stone Soup version 0.28-b1-25-g9875b3fc8c (webtiles) character file.

Game seed: 8620466948606079364

2359 crazypyro the Cleaver (level 9, -1/70 HPs)
             Began as a Minotaur Fighter on Jan 31, 2022.
             Was a Follower of Makhleb.
             Slain by a spriggan (4 damage)
             ... in a bailey.
             The game lasted 00:09:37 (7401 turns).

crazypyro the Cleaver (Minotaur Fighter)            Turns: 7401, Time: 00:09:38

Health: -1/70      AC: 16    Str: 26    XL:     9   Next: 20%
Magic:  8/8        EV:  8    Int:  5    God:    Makhleb [*.....]
Gold:   414        SH:  4    Dex:  9    Spells: 8/8 levels left

rFire   . . .      SeeInvis .   a - +0 war axe
rCold   . . .      Faith    .   c - +0 buckler
rNeg    . . .      Spirit   .   s - +5 chain mail "Piobeh" {rElec}
rPois   .          Reflect  .   (helmet restricted)
rElec   +          Harm     .   f - +0 cloak
rCorr   .          Rampage  .   h - +0 pair of gloves
Will    .....                   (no boots)
Stlth   ..........              (no amulet)
HPRegen 0.21/turn               (no ring)
MPRegen 0.11/turn               (no ring)

@: mighty
A: horns 2, retaliatory headbutt
a: Renounce Religion


You were in a bailey.
You worshipped Makhleb.
Makhleb was aware of your devotion.
You visited 2 branches of the dungeon, and saw 8 of its levels.
You also visited: Bailey.

You collected 414 gold pieces.

Inventory:

Hand Weapons
 a - a +0 war axe (weapon)
Armour
 b - a +0 scale mail
 c - a +0 buckler (worn)
 f - a +0 cloak (worn)
 h - a +0 pair of gloves (worn)
 o - a +0 plate armour
 s - the +5 chain mail "Piobeh" (worn) {rElec}
   (You found it on level 5 of the Dungeon)

   rElec:     It insulates you from electricity.
Jewellery
 j - a ring of magical power
Wands
 m - a wand of flame (4)
 u - a wand of iceblast (9)
Scrolls
 g - a scroll of magic mapping {unknown}
 i - a scroll of identify {unknown}
 k - a scroll of blinking {unknown}
 p - a scroll of fog {unknown}
 q - a scroll of teleportation {unknown}
 v - a scroll of holy word {unknown}
Potions
 e - 6 potions of curing {unknown}
 l - 4 potions of heal wounds {unknown}
 n - a potion of mutation {unknown}
 r - a potion of berserk rage {unknown}
 t - a potion of flight {unknown}
 w - 2 potions of brilliance {unknown}
 x - a potion of magic {unknown}


   Skills:
 - Level 3.6 Fighting
 + Level 14.6 Axes
 - Level 3.6 Armour
 - Level 3.6 Shields


You had 8 spell levels left.
You didn't know any spells.
Your spell library contained the following spells:

 Spells                   Type           Power      Damage    Failure   Level
 Animate Skeleton         Necr           0%         N/A       99%         1
 Beastly Appendage        Tmut           0%         N/A       99%         1
 Pain                     Necr           0%         1d4       99%         1
 Slow                     Hex            0%         N/A       99%         1
 Wereblood                Tmut           0%         N/A       100%        2
 Confusing Touch          Hex            0%         N/A       100%        3
 Spider Form              Tmut/Pois      0%         N/A       100%        3
 Vampiric Draining        Necr           0%         2d6       100%        3
 Passage of Golubria      Tloc           0%         N/A       100%        4
 Silence                  Hex/Air        0%         N/A       100%        5
 Lehudib's Crystal Spear  Conj/Erth      0%         10d2      100%        8


Dungeon Overview and Level Annotations

Branches:
Dungeon (7/15)             Temple (1/1) D:4          Bailey (1/1)

Altars:
Ashenzari
Cheibriados
Dithmenos
Elyvilon
Fedhas
Gozag
Hepliaklqana
Kikubaaqudgha
Makhleb
Nemelex Xobeh
Qazlal
Ru
Sif Muna
Trog
Uskayaw
Vehumet
Wu Jian
Xom
Yredelemnul
Zin
The Shining One

Annotations:
D:4 1 runed translucent door


Innate Abilities, Weirdness & Mutations

You have a pair of horns on your head.
You reflexively headbutt those who attack you in melee.


Message History

An ogre is nearby!
You enter the shallow water.
Moving in this stuff is going to be slow.
An ogre comes into view. It is wielding a +0 halberd.
The ogre shouts!
The ogre hits you but does no damage. The ogre hits you with a +0 halberd!
You barely miss the ogre.
The ogre hits you from afar with a +0 halberd!
The ogre hits you with a +0 halberd!
You are too injured to fight recklessly!
You are too injured to fight recklessly!
The ogre closely misses you.
You feel very mighty all of a sudden.
The ogre hits you from afar with a +0 halberd!
* * * LOW HITPOINT WARNING * * *
You slash the ogre!
The ogre is heavily wounded.
The ogre hits you with a +0 halberd!
* * * LOW HITPOINT WARNING * * *
The ogre hits you but does no damage.
You slice the ogre!!
You kill the ogre!
Makhleb accepts your kill.
You hear a splash.
The ogre barely misses you. You furiously retaliate!
You headbutt the ogre!
A spriggan comes into view. It is wielding a +0 trident.
The spriggan shouts!
You slice the ogre!!
You kill the ogre!
Makhleb accepts your kill.
There is a gate leading back out of this place here.
There is a gate leading back out of this place here.
The spriggan hits you with a +0 trident!
* * * LOW HITPOINT WARNING * * *
You barely miss the spriggan.
The spriggan hits you but does no damage.
You barely miss the spriggan.
The spriggan hits you with a +0 trident.
You die...

#######
###.....###
##.........##
##...........##
#....∩...∩....#
##.......@...##
##.....)i..##
###≈≈≈≈)###
#≈≈≈≈≈# #≈≈≈≈≈#
#.......
#.........
#..###♣###..
..# ♣..


You could see a spriggan.

Vanquished Creatures
  The ghost of pkoi the Shooter, an amateur MiHu (D:4)
  Edmund (D:4)
  An orc warrior (D:6)
  A black bear (D:7)
  A sky beast (D:7)
  2 necrophages (D:6)
  4 ogres
  3 centaurs
  A phantom (D:7)
  A kobold brigand (D:6)
  2 bullfrogs
  A gnoll sergeant (D:4)
  2 scorpions
  A water moccasin skeleton (D:6)
  A howler monkey (D:5)
  A bullfrog zombie (D:5)
  2 hounds
  2 orc priests (D:6)
  3 jellies
  Jessica (D:3)
  An orc wizard (D:7)
  Ijyb (D:3)
  An iguana (D:6)
  7 adders
  3 gnolls (D:5)
  A howler monkey skeleton (D:7)
  A white imp (D:6)
  6 worms
  3 dart slugs
  10 orcs
  3 endoplasms
  4 giant cockroaches
  7 hobgoblins
  2 jackals (D:2)
  9 kobolds
  2 quokkas
  8 ball pythons
  3 bats (D:1)
  3 frilled lizards
  4 goblins
  7 rats
118 creatures vanquished.

Vanquished Creatures (others)
  A bush (D:6)
  6 plants (D:3)
7 creatures vanquished.

Grand Total: 125 creatures vanquished

Notes
Turn   | Place    | Note
-------+----------+-------------------------------------------
     0 | D:1      | crazypyro the Minotaur Fighter began the quest for the Orb.
     0 | D:1      | Reached XP level 1. HP: 19/19 MP: 0/0
    68 | D:1      | Reached skill level 3 in Axes
   291 | D:1      | Reached XP level 2. HP: 21/26 MP: 1/1
   398 | D:1      | Found a faded altar of an unknown god.
   858 | D:2      | Reached skill level 4 in Axes
   986 | D:2      | Reached XP level 3. HP: 31/31 MP: 2/2
  1325 | D:2      | Found an opulent altar of Gozag.
  1533 | D:2      | Reached skill level 5 in Axes
  1778 | D:3      | Noticed Ijyb
  1787 | D:3      | Killed Ijyb
  1788 | D:3      | Reached XP level 4. HP: 19/39 MP: 3/3
  2043 | D:3      | Noticed Jessica
  2054 | D:3      | Killed Jessica
  2055 | D:3      | Reached skill level 6 in Axes
  2543 | D:4      | Found a runed translucent door.
  2559 | D:4      | Noticed a scorpion
  2563 | D:4      | Killed a scorpion
  2564 | D:4      | Reached XP level 5. HP: 41/45 MP: 4/4
  2576 | D:4      | Noticed pkoi's ghost (amateur MiHu)
  2764 | D:4      | Reached skill level 7 in Axes
  2773 | D:4      | Killed pkoi's ghost
  2774 | D:4      | Reached skill level 8 in Axes
  2774 | D:4      | Reached XP level 6. HP: 44/51 MP: 5/5
  2781 | D:4      | Found a runed translucent door.
  2967 | D:4      | Found a shadowy altar of Dithmenos.
  2967 | D:4      | Noticed Edmund
  2977 | D:4      | Killed Edmund
  2978 | D:4      | Reached skill level 9 in Axes
  2978 | D:4      | Reached XP level 7. HP: 42/57 MP: 6/6
  3060 | D:4      | Found a staircase to the Ecumenical Temple.
  3082 | Temple   | Entered the Ecumenical Temple
  3544 | Temple   | Became a worshipper of Makhleb the Destroyer
  4262 | D:5      | Entered Level 5 of the Dungeon
  4590 | D:5      | Identified the +5 chain mail "Piobeh" {rElec}
  4611 | D:5      | Reached skill level 10 in Axes
  5534 | D:6      | Reached skill level 11 in Axes
  5541 | D:6      | Reached * piety under Makhleb
  5542 | D:6      | Reached XP level 8. HP: 50/64 MP: 7/7
  5756 | D:6      | Reached skill level 12 in Axes
  6137 | D:6      | Reached skill level 13 in Axes
  7127 | D:7      | Reached XP level 9. HP: 40/70 MP: 8/8
  7132 | D:7      | Reached skill level 14 in Axes
  7363 | D:7      | Found a flagged portal.
  7377 | Bailey   | Entered a bailey
  7399 | Bailey   | HP: 2/70 [spriggan (7)]
  7401 | Bailey   | Slain by a spriggan

Illustrated notes

Levels and vault maps discovered:
D:1:      ncdulo_lavacross, layout_loops_ring, shapermc_ecumenical_altar_petra
D:2:      layout_basic, basic_altar, minmay_pentomino_t2
D:3:      layout_basic, serial_bayou, serial_bayou_pond_a, serial_bayou_pond_a,
          serial_bayou_ford_a, serial_bayou_lagoon_b, uniq_ijyb, uniq_jessica
D:4:      layout_basic, mainiacjoe_overflow_chevrons,
          minmay_temple_entry_overgrown, ebering_ghost_sewer_f, uniq_edmund
D:5:      layout_loops_ring
D:6:      layout_cave_pods, kb_lookout_dungeons_type
D:7:      layout_rooms, enter_bailey_2
Temple:   mainiacjoe_temple_big_plus
Bailey:   bailey_polearm_enchanted_keep_hellmonk, bailey

Skill      XL: |  1  2  3  4  5  6  7  8  9 |
---------------+----------------------------+-----
Axes           | 3 4 5 6 8 9 11 13 14 | 14.6
Fighting       | |  3.6
Armour         | |  3.6
Shields        | |  3.6

Action                   |  1- 3 |  4- 6 |  7- 9 || total
-------------------------+-------+-------+-------++-------
Melee: War axe           |    93 |    55 |   182 ||   330
       Headbutt          |    12 |    14 |    33 ||    59
  Use: Potion            |       |       |     1 ||     1
Armor: Scale mail        |    54 |     9 |       ||    63
       Plate armour      |       |    16 |    15 ||    31
       Chain mail        |       |       |   106 ||   106
Dodge: Dodged            |    41 |    12 |    53 ||   106
Block: Buckler           |    19 |     8 |    31 ||    58
